cohdb
Replays
Latest Replays
All Replays
Popular Replays
Top Player Replays
Match Explorer
How It Works
Community
CoH3 Stats
Reddit
Sign in to upload your games and track your stats! →
Sign in with Steam
Match 40137037
Unlisted
Match 40137037
Overview
Messages
Build Orders
End
Construct Barracks
Selects Heavy Weapons
Engineer Squad
Riflemen Squad
1⁄4-ton 4x4 Truck
Grenade Package
Selects Assault Carriers
Infantry Support Center
.30 cal Machine Gun
M1 Mortar Team
Construct Weapon Support Center
Construct Motor Pool
Selects M2HB .50cal Heavy Machine Gun
M8 Greyhound Armored Car
Riflemen Squad
Construct Medical Station
Selects Gallant Stand
M1 Anti-tank Gun Team
Advanced Logistics
M1918 Browning Automatic Rifles
[GG]Onkel Stonkel
[GG]Quiq
Tufdjtu
Engrola
0
0
Comments
sign in to comment!
No comments posted yet!